 Dungeon Crawl Stone Soup version 0.30-a0-737-gf23d94013f (webtiles) character file.

Game seed: 17780710566275565648

166230 mopl the Covert (level 17, -23/136 HPs)
             Began as a Purple Draconian Enchanter on Feb 2, 2023.
             Was an Initiate of Gozag.
             Annihilated by a golden dragon simulacrum (53 damage)
             ... in an ice cave.
             The game lasted 01:45:02 (33371 turns).

mopl the Covert (Purple Draconian Enchanter)       Turns: 33371, Time: 01:45:03

Health: -23/136    AC: 24    Str: 11    XL:     17   Next: 4%
Magic:  38/38      EV: 15    Int: 30    God:    Gozag
Gold:   4405       SH: 18    Dex: 16    Spells: 4/30 levels left

rFire   . . .      SeeInvis .    a - +1 dagger (venom)
rCold   . . .      Faith    .    H - +0 kite shield
rNeg    . . .      Spirit   .    (body armour unavailable)
rPois   .          Reflect  +    r - +3 hat of Pondering {ponderous, Will+ MP+10 Int+5}
rElec   .          Harm     .    i - +2 cloak {Stlth+}
rCorr   .          Rampage  .    E - +3 pair of gauntlets of War {Slay+5}
Will    +++..                    T - +0 pair of boots
Stlth   +++++++                  e - amulet of reflection
HPRegen 0.42/turn                o - +4 ring of protection
MPRegen 0.26/turn                K - +6 ring of intelligence

@: slowed, studying Shields, very slow
A: breathe power, AC +9, unfitting armour, cold-blooded
}: 1/15 runes: decaying
a: Breathe Dispelling Energy, Renounce Religion, Potion Petition, Call Merchant,
Bribe Branch


You were in an ice cave.
You worshipped Gozag.
Gozag was most pleased with you.
You visited 6 branches of the dungeon, and saw 28 of its levels.
You also visited: Sewer, Bailey and Ice Cave.

You collected 10091 gold pieces.
You spent 2128 gold pieces at shops.
You paid 3558 gold pieces to Gozag.

Inventory:

Hand Weapons
 a - a +1 dagger of venom (weapon)
 b - the +8 short sword "Roekhuxir" {flame, Str+3}
   (You bought it in a shop on level 11 of the Dungeon)

   Str:       It affects your strength (+3).
Missiles
 f - 15 javelins
 k - 5 curare-tipped darts
 s - 5 throwing nets
 I - 24 poisoned darts
 O - 14 boomerangs
 Q - 2 datura-tipped darts
 V - 6 atropa-tipped darts
Armour
 i - a +2 cloak of stealth (worn)
 r - the +3 hat of Pondering (worn) {ponderous, Will+ MP+10 Int+5}
   (You took it off Gastronok on level 1 of the Lair of Beasts)

   Int:       It affects your intelligence (+5).
   MP:        It affects your magic capacity (+10).
   Will:      It increases your willpower.
 E - the +3 pair of gauntlets of War (worn) {Slay+5}
   (You bought it in a shop on level 2 of the Orcish Mines)

   Slay:      It affects your accuracy & damage with ranged weapons and melee
   (+5).
 H - a +0 kite shield (worn)
 T - a +0 pair of boots (worn)
Jewellery
 e - an amulet of reflection (around neck)
 o - a +4 ring of protection (left hand)
 z - the ring "Guc Kuim" {rC+ Str+6}
   (You found it on level 15 of the Dungeon)

   [ring of strength]

   Str:       It affects your strength (+6).
   rC:        It protects you from cold.
 K - a +6 ring of intelligence (right hand)
 L - a ring of protection from fire
Wands
 u - a wand of charming (19)
 A - a wand of acid (7)
 G - a wand of polymorph (3)
 R - a wand of roots (7)
 S - a wand of mindburst (12)
 X - a wand of flame (25)
Scrolls
 h - 2 scrolls of blinking
 j - 8 scrolls of teleportation
 m - 5 scrolls of fog
 n - 3 scrolls of fear
 x - 2 scrolls of butterflies
 y - 7 scrolls of poison
 C - 5 scrolls of vulnerability
 F - 5 scrolls of magic mapping
 J - a scroll of silence {!r}
 N - 2 scrolls of enchant armour
Potions
 c - 3 potions of berserk rage {!q}
 g - 9 potions of flight
 l - 6 potions of haste
 p - 4 potions of brilliance
 q - 6 potions of heal wounds
 t - 3 potions of cancellation
 w - a potion of resistance
 B - 15 potions of curing
 M - 3 potions of ambrosia
 P - 2 potions of magic
 W - 5 potions of might
 Y - 4 potions of lignification {!q}
 Z - 3 potions of invisibility
Miscellaneous
 d - a condenser vane
 v - a phantom mirror
 U - a piece from Xom's chessboard (14/15)


   Skills:
 + Level 8.6 Fighting
 + Level 10.7 Short Blades
 + Level 9.3 Throwing
 + Level 7.4 Dodging
 * Level 14.8 Stealth
 + Level 13.1 Shields
 + Level 7.4 Spellcasting
 - Level 3.0 Conjurations
 * Level 14.7 Hexes
 - Level 5.0 Necromancy
 - Level 5.0 Translocations
 - Level 3.0 Ice Magic
 + Level 11.0 Evocations


You had 4 spell levels left.
You knew the following spells:

 Your Spells              Type           Power      Damage    Failure   Level
a - Anguish               Hex/Necr       31%        N/A       1%          4
b - Ensorcelled Hibernat  Hex/Ice        100%       N/A       1%          2
c - Confusing Touch       Hex            78%        N/A       1%          3
d - Tukima's Dance        Hex            78%        N/A       1%          3
e - Blink                 Tloc           82%        N/A       1%          2
f - Dazzling Flash        Conj/Hex       100%       N/A       1%          3
g - Discord               Hex            39%        N/A       80%         8
s - Slow                  Hex            100%       N/A       1%          1

Your spell library contained the following spells:

 Spells                   Type           Power      Damage    Failure   Level
 Summon Guardian Golem    Hex/Summ       53%        N/A       1%          3
 Gell's Gravitas          Tloc           41%        N/A       3%          3
 Teleport Other           Tloc           41%        N/A       3%          3
 Vampiric Draining        Necr           41%        2d8       3%          3
 Static Discharge         Conj/Air       40%        2-4/arc   7%          2
 Ozocubu's Armour         Ice            29%        N/A       8%          3
 Sting                    Tmut/Pois      44%        1d5       9%          1
 Summon Small Mammal      Summ           44%        N/A       9%          1
 Vhi's Electric Charge    Tloc/Air       52%        N/A       10%         3
 Manifold Assault         Tloc           41%        N/A       11%         4
 Poisonous Vapours        Pois/Air       22%        N/A       13%         2
 Scorch                   Fire           22%        2d6       13%         2
 Kindle Blastsparks       Fire/Tloc/Air  42%        2d13      13%         3
 Call Canine Familiar     Summ           11%        N/A       26%         3
 Ignite Poison            Fire/Tmut/Pois 11%        N/A       26%         3
 Spider Form              Tmut/Pois      11%        N/A       26%         3
 Flame Wave               Conj/Fire      20%        2d7       43%         4
 Olgreb's Toxic Radiance  Pois           11%        N/A       65%         4
 Petrify                  Tmut/Erth      11%        N/A       65%         4
 Summon Lightning Spire   Summ/Air       11%        N/A       65%         4
 Metabolic Englaciation   Hex/Ice        29%        N/A       6%          5
 Silence                  Hex/Air        26%        N/A       12%         5
 Agony                    Necr           41%        N/A       30%         5
 Borgnjor's Vile Clutch   Necr/Erth      13%        N/A       65%         5
 Freezing Cloud           Conj/Ice/Air   11%        6-21      71%         5
 Arcjolt                  Conj/Air       10%        1d20      78%         5
 Lightning Bolt           Conj/Air       10%        1d23      78%         5
 Dispersal                Tloc           20%        N/A       86%         6
 Alistair's Intoxication  Tmut/Pois      7%         N/A       94%         5
 Conjure Ball Lightning   Conj/Air       10%        3x3d6     100%        6
 Eringya's Noxious Bog    Tmut/Pois      5%         N/A       100%        6
 Statue Form              Tmut/Erth      7%         N/A       100%        6
 Summon Cactus Giant      Summ           5%         N/A       100%        6
 Storm Form               Tmut/Air       5%         N/A       100%        7
 Disjunction              Tloc           20%        N/A       100%        8
 Maxwell's Capacitive Co  Air            5%         ∞         100%        8


Dungeon Overview and Level Annotations

Branches:
Dungeon (15/15)            Temple (1/1) D:7            Lair (5/5) D:9
  Swamp (4/4) Lair:3       Spider (1/4) Lair:2        Slime (0/5) Lair:4
    Orc (2/2) D:11            Elf (0/3) Orc:2        Vaults (0/5) D:14
 Depths (0/4) D:15          Sewer (visited)          Bailey (visited)
  IceCv (1/1)

Altars:
Ashenzari
Cheibriados
Dithmenos
Elyvilon
Fedhas
Gozag
Hepliaklqana
Kikubaaqudgha
Makhleb
Nemelex Xobeh
Okawaru
Qazlal
Ru
Sif Muna
Trog
Uskayaw
Vehumet
Wu Jian
Xom
Yredelemnul
Zin
The Shining One
Jiyva

Shops:
D:4 :   D:11 (   D:12 *   D:14 *   Orc:2 [![:   Lair:5 [

Portals:
Trove: D:13 (give +3 storm dragon scales)

Annotations:
Lair:2 exclusion: oklob plant
Lair:5 exclusion: obsidian statue


Innate Abilities, Weirdness & Mutations

You can breathe bolts of dispelling energy.
Your rich purple scales are hard. (AC +9)
You cannot fit into any form of body armour.
You are cold-blooded and may be slowed by cold attacks.


Message History

Throw: 14 boomerangs
Press: ? - help, Shift-Dir - straight line, f/p - dire elephant simulacrum
Aim: a dire elephant simulacrum (water, severely damaged, confused, 98% to hit)
You throw a boomerang.
The boomerang hits the dire elephant simulacrum.
The dire elephant simulacrum is severely damaged.
Unknown command.
Throw: 14 boomerangs
Press: ? - help, Shift-Dir - straight line, f/p - dire elephant simulacrum
Aim: a dire elephant simulacrum (water, severely damaged, confused, 98% to hit)
You throw a boomerang.
The boomerang hits the dire elephant simulacrum!
The dire elephant simulacrum vaporises!
You now have 4387 gold pieces (gained 6).
Unknown command.
You now have 4399 gold pieces (gained 12).
You now have 4405 gold pieces (gained 6).
There is a frozen archway here.
The world spins around you as you enter the gateway.
You enter an ice cave!
Found an ice covered gate leading back out of this place.
There is an ice choked empty arch of ancient stone here.
Okay, then.
Aiming: Charm
Press: ? - help, Shift-Dir - straight line, f - golden dragon simulacrum
Aim: a golden dragon simulacrum (chance to affect: 70%)
The golden dragon simulacrum struggles to resist.
You make a move on Xom's chessboard...
The ice dragon simulacrum seems to grow stronger.
Unknown command.
Aiming: Charm
Press: ? - help, Shift-Dir - straight line, f/p - golden dragon simulacrum
Aim: a golden dragon simulacrum (chance to affect: 70%)
The golden dragon simulacrum struggles to resist.
The golden dragon simulacrum bites you.
* * * LOW HITPOINT WARNING * * *
The golden dragon simulacrum freezes you!!!
You feel yourself slow down.
You die...
Your body crumbles into a pile of gold.

#####
##...##
##..∩..##
#.......#
#...∩..@#
##....Z##
##..Z##
#...#
##...
#.Z.#
....#
...#..


You could see an ice dragon simulacrum (strong) and a golden dragon simulacrum.

Vanquished Creatures
  Gastronok (Lair:1)
  A thorn hunter (Swamp:3)
  2 fenstrider witches (Swamp:3)
  An ironbound preserver (D:14)
  3 eleionomae
  4 dire elephants (Lair:5)
  3 bunyips
  An ettin (Orc:2)
  2 shambling mangroves
  Fannar (Lair:1)
  19 hydras
  5 centaur warriors
  3 ghost crabs
  2 ogre magi (D:14)
  12 alligators
  6 boulder beetles
  A tengu warrior (D:14)
  A death yak (Lair:5)
  A two-headed ogre (D:10)
  3 orc high priests
  6 spriggans
  A spectral anaconda (Lair:5)
  A spectral death yak (Lair:5)
  6 goliath frogs
  6 spriggan druids
  2 golden dragon zombies (D:15)
  A spriggan simulacrum (Spider:1)
  7 bog bodies
  2 orb spiders (Spider:1)
  11 swamp dragons
  7 orc knights
  A wizard (D:14)
  A frost giant zombie (D:15)
  3 steelbarb worms (Spider:1)
  4 necromancers
  A wolf spider (Spider:1)
  8 cyclopes
  12 ugly things
  4 will-o-the-wisps
  5 manticores
  5 orc sorcerers
  A stone giant zombie (D:15)
  A guardian serpent (Lair:4)
  Joseph (D:8)
  15 elephants
  An orange demon (Lair:1)
  2 black mambas
  4 cane toads
  A rime drake (Lair:2)
  4 dire elephant skeletons (Lair:5)
  A kobold demonologist (D:12)
  11 komodo dragons
  2 meliai (D:14)
  An anaconda simulacrum (Spider:1)
  A bloated husk (Swamp:2)
  7 trolls
  3 polar bears
  Grinder (D:3)
  4 tarantellas (Spider:1)
  9 tyrant leeches
  6 hornets
  5 dream sheep (Lair:5)
  15 blink frogs
  Sigmund (D:3)
  6 jumping spiders (Spider:1)
  A shadow (D:10)
  3 dire elephant simulacra (Spider:1)
  2 vampires
  A wyvern (D:10)
  2 wraiths
  3 culicivoras (Spider:1)
  87 yaks
  A basilisk (Lair:2)
  A redback (Spider:1)
  5 vampire mosquitoes
  2 minotaur simulacra (Spider:1)
  14 swamp worms
  7 wargs
  An acid dragon (D:11)
  18 orc warriors
  12 water moccasins
  4 black bears
  8 swamp drakes
  An elephant zombie (Lair:5)
  3 sky beasts
  An ice beast (D:7)
  11 ogres
  11 wolves
  4 elephant skeletons (Lair:5)
  16 centaurs
  2 phantoms
  4 kobold brigands
  2 gnoll sergeants
  2 necrophages
  11 bullfrogs
  A cane toad simulacrum (Lair:5)
  A lindwurm simulacrum (Spider:1)
  2 elephant simulacra (Lair:5)
  4 killer bees (D:10)
  2 vampire bats (D:15)
  2 howler monkeys
  5 electric eels
  22 orc priests
  3 hounds
  4 jellies
  A gnoll bouda (D:9)
  4 iguanas
  Natasha (thrice) (D:3 D:2)
  22 orc wizards
  7 adders
  16 gnolls
  A river rat (D:5)
  4 white imps
  An ufetubus (D:4)
  A worm (D:2)
  71 orcs
  10 bats
  4 bat skeletons (D:15)
  A bat zombie (D:15)
  7 endoplasms
  3 giant cockroaches
  10 goblins
  9 hobgoblins
  6 jackals (D:5)
  11 ball pythons
  3 frilled lizards
  23 kobolds
  10 rats
783 creatures vanquished.

Vanquished Creatures (collateral kills)
  A centaur warrior (D:14)
  3 two-headed ogres
  Amaemon (Lair:1)
  2 skeletal warriors (D:15)
  A bog body (Swamp:3)
  A necromancer (Lair:5)
  An orc knight (Bailey)
  A phantasmal warrior (D:15)
  A troll (D:10)
  2 hornets (Swamp:1)
  A vampire (D:14)
  9 orc warriors
  3 centaurs (D:14)
  A wolf (shapeshifter) (D:14)
  Crazy Yiuf (D:2)
  2 orc priests
  7 orcs
38 creatures vanquished.

Vanquished Creatures (others)
  An orc high priest (Orc:2)
  A wizard (D:14)
  A manticore (D:14)
  An elephant (Lair:5)
  2 meliai (D:14)
  2 bloated husks
  6 dancing weapons
  An elephant simulacrum (Lair:5)
  An orc wizard (D:7)
  An orc (Orc:2)
  A quokka (D:14)
  25 foxfires
  24 fungi
  15 plants
  31 withered plants
113 creatures vanquished.

Grand Total: 934 creatures vanquished

Notes
Turn   | Place    | Note
-------+----------+-------------------------------------------
     0 | D:1      | mopl the Draconian Enchanter began the quest for the Orb.
     0 | D:1      | Reached XP level 1. HP: 14/14 MP: 3/3
   217 | D:1      | Reached XP level 2. HP: 18/20 MP: 5/5
   243 | D:1      | Reached skill level 3 in Stealth
   247 | D:1      | Reached skill level 3 in Hexes
   362 | D:1      | Learned a level 2 spell: Ensorcelled Hibernation
   658 | D:2      | Reached XP level 3. HP: 25/26 MP: 1/6
  1029 | D:2      | Reached XP level 4. HP: 33/33 MP: 4/7
  1033 | D:2      | Learned a level 3 spell: Confusing Touch
  1244 | D:2      | Found a runed translucent door.
  1245 | D:2      | Noticed Crazy Yiuf
  1499 | D:3      | Found an iron altar of Okawaru.
  1499 | D:3      | Found a basalt altar of Yredelemnul.
  1499 | D:3      | Found a sacrificial altar of Ru.
  1514 | D:3      | Noticed Sigmund
  1525 | D:3      | Killed Sigmund
  1526 | D:3      | Reached skill level 2 in Short Blades
  1526 | D:3      | Reached skill level 4 in Stealth
  1526 | D:3      | Reached skill level 4 in Hexes
  1526 | D:3      | Reached skill level 1 in Ice Magic
  1526 | D:3      | Reached XP level 5. HP: 38/38 MP: 3/9
  1539 | D:3      | Learned a level 3 spell: Tukima's Dance
  1561 | D:3      | Got the Secrets of Chilly Astrapomancy
  1562 | D:3      | Found a faded altar of an unknown god.
  1643 | D:3      | Noticed Grinder
  1687 | D:3      | Killed Grinder
  1688 | D:3      | Reached skill level 3 in Spellcasting
  1688 | D:3      | Reached skill level 2 in Ice Magic
  1688 | D:3      | Reached XP level 6. HP: 33/45 MP: 3/10
  1697 | D:3      | Learned a level 3 spell: Dazzling Flash
  1893 | D:3      | Noticed Natasha
  1903 | D:3      | Killed Natasha
  1907 | D:3      | Noticed Natasha
  2063 | D:2      | Killed Natasha
  2064 | D:2      | Your scales start taking on a rich purple colour.
  2064 | D:2      | Reached skill level 5 in Hexes
  2064 | D:2      | Reached XP level 7. HP: 50/50 MP: 9/12
  2143 | D:2      | Killed Crazy Yiuf
  2242 | D:2      | Noticed Natasha
  2249 | D:2      | Killed Natasha
  2381 | D:4      | Learned a level 2 spell: Blink
  2473 | D:4      | Reached skill level 4 in Spellcasting
  2649 | D:4      | Reached skill level 5 in Stealth
  2649 | D:4      | Reached skill level 1 in Conjurations
  2668 | D:4      | Found Deogiump's Self-Improvement Boutique.
  3015 | D:5      | Entered Level 5 of the Dungeon
  3054 | D:5      | Reached skill level 3 in Short Blades
  3054 | D:5      | Reached skill level 6 in Hexes
  3075 | D:5      | Found a glowing drain.
  3093 | Sewer    | Entered a sewer
  3097 | Sewer    | Reached skill level 1 in Translocations
  3155 | Sewer    | Reached skill level 1 in Evocations
  3356 | D:5      | Reached skill level 1 in Throwing
  3356 | D:5      | Reached XP level 8. HP: 57/57 MP: 9/14
  3495 | D:5      | Reached skill level 3 in Ice Magic
  3699 | D:5      | Reached skill level 2 in Conjurations
  3972 | D:6      | Reached skill level 2 in Evocations
  4055 | D:6      | Reached skill level 2 in Translocations
  4179 | D:6      | Reached skill level 6 in Stealth
  4182 | D:6      | Reached skill level 7 in Hexes
  4408 | D:6      | Reached skill level 2 in Throwing
  4451 | D:6      | Reached skill level 4 in Short Blades
  4538 | D:6      | Found a hazy altar of Hepliaklqana.
  4576 | D:6      | Reached XP level 9. HP: 62/62 MP: 15/15
  4610 | D:6      | Found a burning altar of Makhleb.
  4627 | D:6      | Reached skill level 1 in Shields
  4933 | D:7      | Reached skill level 3 in Conjurations
  4933 | D:7      | Reached skill level 3 in Evocations
  5142 | D:7      | Reached skill level 3 in Translocations
  5197 | D:7      | Found a staircase to the Ecumenical Temple.
  5267 | Temple   | Entered the Ecumenical Temple
  5477 | Temple   | Became a worshipper of Gozag Ym Sagoz the Greedy
  5520 | D:7      | Reached skill level 2 in Shields
  5605 | D:7      | Found a broken altar of Ashenzari.
  5631 | D:7      | Found a white marble altar of Elyvilon.
  5845 | D:7      | Reached skill level 7 in Stealth
  5845 | D:7      | Reached skill level 8 in Hexes
  6110 | D:7      | Reached skill level 3 in Throwing
  6645 | D:8      | Reached skill level 4 in Evocations
  6703 | D:8      | Noticed Joseph
  6713 | D:8      | Killed Joseph
  6714 | D:8      | Reached skill level 5 in Short Blades
  6714 | D:8      | Reached skill level 3 in Shields
  6714 | D:8      | Reached XP level 10. HP: 69/69 MP: 14/16
  7398 | D:9      | Found a flagged portal.
  7437 | Bailey   | Entered a bailey
  7731 | Bailey   | Reached skill level 8 in Stealth
  7731 | Bailey   | Reached skill level 9 in Hexes
  7893 | Bailey   | Noticed an orc knight
  7944 | Bailey   | Killed an orc knight
  7990 | Bailey   | Reached skill level 6 in Short Blades
  7990 | Bailey   | Reached skill level 4 in Throwing
  7990 | Bailey   | Reached skill level 9 in Stealth
  7990 | Bailey   | Reached skill level 6 in Shields
  7990 | Bailey   | Reached skill level 10 in Hexes
  7990 | Bailey   | Reached skill level 6 in Evocations
  7990 | Bailey   | Reached XP level 11. HP: 74/74 MP: 12/17
  8058 | D:9      | Reached skill level 5 in Throwing
  8429 | D:9      | Found a staircase to the Lair.
  9102 | D:10     | Entered Level 10 of the Dungeon
  9120 | D:10     | Found a transporter.
  9121 | D:10     | Found a transporter.
  9145 | D:10     | Found a transporter.
  9145 | D:10     | Found a transporter.
  9253 | D:10     | Found a transporter.
  9253 | D:10     | Found a transporter.
  9580 | D:10     | Noticed a two-headed ogre
  9592 | D:10     | Killed a two-headed ogre
  9593 | D:10     | Reached skill level 11 in Hexes
  9626 | D:10     | Reached skill level 10 in Stealth
  9643 | D:10     | Found a shadowy altar of Dithmenos.
  9716 | D:10     | Found a snail-covered altar of Cheibriados.
  9726 | D:10     | Reached XP level 12. HP: 68/81 MP: 5/18
 10058 | D:10     | Noticed a two-headed ogre
 10060 | D:10     | Killed a two-headed ogre
 10061 | D:10     | Reached skill level 7 in Shields
 10114 | Lair:1   | Entered Level 1 of the Lair of Beasts
 10212 | Lair:1   | Noticed Gastronok
 10321 | Lair:1   | Killed Gastronok
 10322 | Lair:1   | Reached skill level 7 in Short Blades
 10322 | Lair:1   | Reached skill level 2 in Dodging
 10322 | Lair:1   | Reached skill level 4 in Translocations
 10375 | Lair:1   | Noticed Amaemon
 10386 | Lair:1   | Noticed Fannar
 10389 | Lair:1   | Killed Amaemon
 10390 | Lair:1   | Reached skill level 1 in Fighting
 10419 | Lair:1   | Killed Fannar
 10525 | Lair:1   | Reached skill level 7 in Evocations
 10882 | Lair:1   | Reached skill level 2 in Fighting
 11070 | Lair:1   | Learned a level 4 spell: Anguish
 11166 | Lair:2   | Found a hole to the Spider Nest.
 11312 | Lair:2   | Reached skill level 6 in Throwing
 11443 | Lair:2   | Reached skill level 8 in Shields
 11452 | Lair:2   | Reached skill level 1 in Necromancy
 12274 | Lair:3   | Reached skill level 3 in Dodging
 12290 | Lair:3   | Reached skill level 11 in Stealth
 12329 | Lair:3   | Reached skill level 3 in Fighting
 12380 | Lair:3   | Reached XP level 13. HP: 62/94 MP: 16/19
 12387 | Lair:3   | Reached skill level 5 in Translocations
 12419 | Lair:3   | Reached skill level 12 in Hexes
 12551 | Lair:3   | Reached skill level 2 in Necromancy
 12807 | Lair:3   | Found a staircase to the Swamp.
 12961 | Lair:3   | Reached skill level 9 in Shields
 13991 | Lair:4   | Reached skill level 8 in Short Blades
 14226 | Lair:4   | Found the +3 pair of seven-league boots {Rampage+∞}
 14245 | Lair:4   | Reached skill level 8 in Evocations
 14346 | Lair:4   | Found a runed translucent door.
 14346 | Lair:4   | Found a viscous altar of Jiyva.
 14347 | Lair:4   | Found a staircase to the Slime Pits.
 14355 | Lair:4   | Reached skill level 4 in Fighting
 14601 | Lair:5   | Entered Level 5 of the Lair of Beasts
 14658 | Lair:5   | Reached skill level 3 in Necromancy
 14662 | Lair:5   | Reached skill level 4 in Dodging
 15271 | Lair:5   | Noticed a dire elephant
 15273 | Lair:5   | Reached skill level 7 in Throwing
 15302 | Lair:5   | Noticed a dire elephant
 15355 | Lair:5   | Noticed a dire elephant
 15419 | Lair:5   | Killed a dire elephant
 15457 | Lair:5   | Noticed a dire elephant
 15502 | Lair:5   | Killed a dire elephant
 15503 | Lair:5   | Reached skill level 12 in Stealth
 15656 | Lair:5   | Killed a dire elephant
 15773 | Lair:5   | Reached XP level 14. HP: 105/105 MP: 20/20
 15859 | Lair:5   | Reached skill level 5 in Fighting
 16283 | Lair:5   | Reached skill level 4 in Necromancy
 16296 | Lair:5   | Reached skill level 10 in Shields
 17117 | D:11     | Reached skill level 5 in Dodging
 17563 | D:11     | Reached skill level 9 in Evocations
 17945 | D:11     | Found a staircase to the Orcish Mines.
 18206 | Orc:1    | Entered Level 1 of the Orcish Mines
 18378 | Orc:1    | Found a shimmering blue altar of Sif Muna.
 18447 | Orc:2    | Entered Level 2 of the Orcish Mines
 18615 | Orc:1    | Reached skill level 9 in Short Blades
 19154 | Orc:2    | Reached skill level 6 in Fighting
 19357 | Orc:2    | Reached skill level 5 in Necromancy
 19456 | Orc:2    | Found Saedduf's Armour Shoppe.
 19456 | Orc:2    | Found Keot's Book Boutique.
 19458 | Orc:2    | Found Oxopuy's Distillery.
 19458 | Orc:2    | Found Pofyschao's Armour Boutique.
 19573 | Orc:2    | Bought a potion of curing for 33 gold pieces
 19573 | Orc:2    | Bought a potion of curing for 33 gold pieces
 19573 | Orc:2    | Bought a potion of curing for 33 gold pieces
 19573 | Orc:2    | Bought a potion of curing for 33 gold pieces
 19575 | Orc:2    | Bought the +3 pair of gauntlets of War {Slay+5} for 807
                  | gold pieces
 19575 | Orc:2    | Found the +3 pair of gauntlets of War {Slay+5}
 19899 | Orc:2    | Found a staircase to the Elven Halls.
 20366 | Orc:1    | Reached skill level 13 in Hexes
 20510 | D:11     | Bought a runed dagger for 165 gold pieces
 20513 | D:11     | Bought an encrusted short sword for 264 gold pieces
 20513 | D:11     | Identified the +8 short sword "Roekhuxir" {flame, Str+3}
                  | (You bought it in a shop on level 11 of the Dungeon)
 20655 | D:12     | Bought a scroll labelled PUPREUCR UDAU for 33 gold pieces
 20655 | D:12     | Bought a scroll labelled JINARGH EPIO for 33 gold pieces
 20655 | D:12     | Bought a scroll labelled DEELY JINKOD for 33 gold pieces
 20655 | D:12     | Bought a glowing cloak for 247 gold pieces
 20655 | D:12     | Bought a jewelled short sword for 264 gold pieces
 20655 | D:12     | Identified the +6 short sword of Forgiveness {spect,
                  | Fragile rN+ Int+4} (You bought it in a shop on level 12 of
                  | the Dungeon)
 20767 | D:12     | Reached skill level 11 in Shields
 21203 | D:12     | Reached XP level 15. HP: 116/116 MP: 17/22
 21282 | D:13     | Reached skill level 13 in Stealth
 21336 | D:13     | Found a radiant altar of Vehumet.
 21362 | D:13     | Reached skill level 8 in Throwing
 21686 | D:13     | Found a portal to a secret trove of treasure.
 22049 | D:14     | Reached skill level 5 in Spellcasting
 22231 | D:14     | Found a white marble altar of Elyvilon.
 22613 | D:14     | Identified the +1 falchion "Moinih" {elec, Fragile rElec
                  | rC+ rCorr Str+3}
 22643 | D:14     | Reached skill level 6 in Dodging
 22734 | D:14     | Found a gate to the Vaults.
 23087 | D:14     | Bought a scroll of teleportation for 90 gold pieces
 23087 | D:14     | Bought a scroll of identify for 60 gold pieces
 23120 | D:15     | Entered Level 15 of the Dungeon
 23160 | D:15     | Found a staircase to the Depths.
 23163 | D:15     | Identified the ring "Guc Kuim" {rC+ Str+6}
 23207 | D:15     | Reached skill level 7 in Fighting
 24031 | D:15     | Found an ancient bone altar of Kikubaaqudgha.
 24272 | Swamp:1  | Entered Level 1 of the Swamp
 24729 | Swamp:1  | Reached skill level 10 in Evocations
 25031 | Swamp:1  | Reached skill level 6 in Spellcasting
 25465 | Swamp:1  | Learned a level 8 spell: Discord
 25635 | Swamp:1  | Reached skill level 12 in Shields
 25674 | Swamp:1  | Reached skill level 10 in Short Blades
 26157 | Swamp:2  | Reached XP level 16. HP: 122/126 MP: 25/25
 26795 | Swamp:2  | Reached skill level 14 in Stealth
 27242 | Swamp:2  | Learned a level 1 spell: Slow
 27857 | Swamp:3  | Got the Disquisition on Aeromancy
 28470 | Swamp:3  | Reached skill level 8 in Fighting
 28470 | Swamp:3  | Reached skill level 14 in Hexes
 28835 | Swamp:4  | Entered Level 4 of the Swamp
 28943 | Swamp:4  | Reached skill level 9 in Throwing
 29400 | Swamp:3  | Reached skill level 7 in Dodging
 31037 | Swamp:3  | Reached skill level 7 in Spellcasting
 31246 | Swamp:4  | Noticed a thorn hunter
 31259 | Swamp:3  | Killed a thorn hunter
 32573 | Swamp:4  | Reached skill level 13 in Shields
 32811 | Swamp:4  | Got a decaying rune of Zot
 33040 | Spider:1 | Entered Level 1 of the Spider Nest
 33092 | Spider:1 | Reached skill level 11 in Evocations
 33209 | Spider:1 | Reached XP level 17. HP: 124/136 MP: 27/28
 33251 | Spider:1 | Found a frozen archway.
 33350 | IceCv    | Entered an ice cave
 33371 | IceCv    | Annihilated by a golden dragon simulacrum

Illustrated notes

Levels and vault maps discovered:
D:1:      dpeg_arrival_castle, layout_rooms
D:2:      layout_loops_ring, uniq_crazy_yiuf_cottage
D:3:      layout_rooms, gammafunk_temple_overflow_claw,
          ebering_ecumenical_altar_box, uniq_natasha, uniq_sigmund, uniq_grinder
D:4:      layout_gridville, nicolae_shop_self_help
D:5:      layout_basic, portal_sewer_entry_e, corner_web_ring
D:6:      layout_basic, kennysheep_little_box, lemuel_doored_altar, st_stairs_8
D:7:      layout_basic, mainiacjoe_overflow_two_lobes,
          minmay_temple_entry_enclosed_plants
D:8:      layout_rooms, uniq_joseph
D:9:      nicolae_moon_pools, layout_loops_corners, enter_bailey_5
D:10:     layout_gridville, grunt_dithmenos_shadows, lemuel_tele_altar,
          serial_nicolae_subway, nicolae_sub_station_stone,
          nicolae_sub_station_metal, nicolae_sub_station_crystal
D:11:     layout_rooms, erik_orc_1
D:12:     layout_loops_ring
D:13:     layout_long_grid, nicolae_trove_entry_crossroad, vehumet_crystals
D:14:     minmay_open_boxes_in_corner, layout_irregular_city,
          skrybe_vaults_entry_preservation, elyvilon_altar_4
D:15:     gammafunk_depths_entry_grave, layout_cross,
          chequers_serial_rivers_micro_a, kennysheep_vampire_church
Temple:   nicolae_temple_figure_eight
Lair:1:   layout_loops_ring, chequers_serial_rivers_micro_a, uniq_amaemon,
          uniq_gastronok, uniq_fannar
Lair:2:   layout_layer_cave, spider_nest_entry_web_field,
          chequers_serial_rivers_micro_a, st_stairs_3, minmay_lair_oklob_items
Lair:3:   layout_regular_city, swamp_mist_pool, columned_hall_lemuel,
          serial_bayou_lake_a, serial_bayou_shore_a, grunt_megastairs_5,
          infiniplex_staircase_pool_2
Lair:4:   layout_cave_shapes, slime_entry_2,
          hellmonk_guarded_unrand_seven_league_boots, infiniplex_staircase_pool
Lair:5:   due_jungle_book, layout_misc_corridors, grunt_megastairs_1
Swamp:1:  layout_basic_swamp, serial_swamp_ruin, evilmike_swamp_ruin_house_5,
          hangedman_swamp_ruin_hall, evilmike_swamp_ruin_rubble_1, swamp_pool1
Swamp:2:  layout_falls_marsh, hangedman_swamp_diagram, swamp_pool4,
          statue_in_the_mist_lemuel, nicolae_swamp_stair_fork
Swamp:3:  nicolae_swamp_tree_isthmus, layout_basic_swamp, nicolae_swamp_oxbows,
          swamp_pool2
Swamp:4:  swamp, layout_basic_swamp
Spider:1: layout_spider_delve, portal_ice_cave_entry_ice_simulacra, drop_trap
Orc:1:    layout_caves, kennysheep_orc_sif_temple
Orc:2:    grunt_orc_tribal_feast, layout_caves
IceCv:    ice_cave_small_dragons

Skill      XL: |  1  2  3  4  5  6  7  8  9 10 11 12 13 14 15 16 |
---------------+-------------------------------------------------+-----
Stealth        | 3 4 5 6 7 9 10 11 12 13 14 | 14.8
Hexes          | 3 4 5 6 7 8 10 11 12 13 14 | 14.7
Short Blades   | 2 3 4 5 6 7 8 9 10 | 10.7
Ice Magic      | 1 2 3 |  3.0
Spellcasting   | 3 4 6 7 |  7.4
Conjurations   | 1 2 3 |  3.0
Translocations | 1 2 3 4 5 |  5.0
Evocations     | 1 2 4 6 7 8 9 10 11 | 11.0
Throwing       | 1 2 3 4 5 6 7 8 9 |  9.3
Shields        | 3 6 8 9 11 12 13 | 13.1
Dodging        | 3 4 5 6 7 |  7.4
Fighting       | 3 4 6 7 8 |  8.6
Necromancy     | 1 3 5 |  5.0

Action                     |  1- 3 |  4- 6 |  7- 9 | 10-12 | 13-15 | 16-18 || total
---------------------------+-------+-------+-------+-------+-------+-------++-------
  Melee: Dagger            |   108 |    83 |   560 |   533 |  1178 |   409 ||  2871
         Tailslap          |    16 |    16 |    70 |    93 |   251 |    80 ||   526
         Punch             |       |       |     5 |     7 |       |       ||    12
  Throw: Dart              |       |     2 |       |    14 |    35 |     2 ||    53
         Boomerang         |       |       |       |       |    22 |    32 ||    54
   Cast: Ensorcelled Hiber |     9 |     9 |    75 |   120 |   354 |   124 ||   691
         Confusing Touch   |       |     3 |     6 |     4 |    40 |    27 ||    80
         Tukima's Dance    |       |       |     7 |    21 |    26 |     2 ||    56
         Dazzling Flash    |       |       |       |     3 |     4 |     2 ||     9
         Blink             |       |       |       |       |    19 |    11 ||    30
         Anguish           |       |       |       |       |       |     1 ||     1
 Invoke: Potion Petition   |       |       |       |     1 |       |     1 ||     2
         Call Merchant     |       |       |       |       |     4 |       ||     4
Ability: Breathe Dispellin |       |       |    11 |     6 |    16 |     8 ||    41
  Evoke: Wand              |       |       |       |     1 |    24 |    16 ||    41
         Piece from Xom's  |       |       |       |     1 |    10 |     4 ||    15
    Use: Scroll            |       |       |     9 |     3 |    18 |     7 ||    37
         Potion            |       |       |       |     2 |       |     1 ||     3
   Stab: Sleeping          |     8 |     8 |    59 |    93 |   234 |    75 ||   477
         Confused          |       |     1 |     8 |     5 |    61 |    20 ||    95
         Distracted        |       |       |     1 |     1 |     8 |     1 ||    11
         Invisible         |       |       |       |     1 |     1 |       ||     2
         Betrayed ally     |       |       |       |       |     2 |       ||     2
 Armour: Skin              |    20 |    14 |   231 |   196 |   271 |   220 ||   952
  Dodge: Dodged            |    52 |    46 |   230 |   213 |   313 |   206 ||  1060
  Block: Other             |    23 |    22 |   101 |    47 |       |       ||   193
         Reflection        |     1 |       |     4 |    10 |    53 |     9 ||    77
         Kite shield       |       |       |       |   287 |   728 |   359 ||  1374

Table legend: (Time is in decaauts)
 A = Elapsed time spent in this place.
 B = Non-inter-level travel time spent in this place.
 C = Inter-level travel time spent in this place.
 D = Time resting spent in this place.
 E = Time spent auto-exploring this place.
 F = Levels seen in this place.
 G = Mean time per level.
                   A        B        C        D        E       F      G
               +--------+--------+--------+--------+--------+-----+--------+
         Total |  34626 |  32113 |   2513 |   6633 |  16187 |  31 | 1117.0 |
       Dungeon |  14188 |  13262 |    926 |   1352 |   8441 |  15 |  945.9 |
        Temple |    220 |    200 |     20 |      0 |    199 |   1 |  220.0 |
          Lair |   8216 |   7438 |    778 |    864 |   4439 |   5 | 1643.2 |
         Swamp |   8574 |   7982 |    592 |   3753 |   1919 |   4 | 2143.5 |
   Spider Nest |    299 |    299 |      0 |      0 |      0 |   1 |  299.0 |
  Orcish Mines |   2373 |   2179 |    194 |    614 |    965 |   2 | 1186.5 |
         Sewer |     98 |     98 |      0 |      0 |     27 |   1 |   98.0 |
        Bailey |    634 |    634 |      0 |     49 |    195 |   1 |  634.0 |
      Ice Cave |     21 |     21 |      0 |      0 |      0 |   1 |   21.0 |
               +--------+--------+--------+--------+--------+-----+--------+

Top non-repeatable levels by time:
 Swamp:3: 4539 daAuts
  Lair:5: 2299 daAuts
  Lair:3: 2117 daAuts
 Swamp:2: 1577 daAuts
   Orc:2: 1557 daAuts
 Swamp:1: 1478 daAuts
  Lair:2: 1441 daAuts
    D:10: 1372 daAuts
    D:14: 1330 daAuts
     D:7: 1281 daAuts
  Lair:1: 1280 daAuts
     D:9: 1180 daAuts
  Lair:4: 1078 daAuts
     D:2: 999 daAuts
 Swamp:4: 979 daAuts
